[Event "Titled Tuesday Blitz April 12 Early 2022"]
[White "Broca Jimenez, Fernando"]
[Black "Odegov, Artem"]
[WhiteFideId "5104742"]
[BlackFideId "34183644"]
[WhiteElo "2062"]
[BlackElo "2286"]
[Result "1/2-1/2"]
[Round "11"]
[TimeControl "180+1"]
[Date "2022.04.13"]
[WhiteClock "0:00:46"]
[BlackClock "0:01:39"]

1. e4 e6 2. d4 d5 3. exd5 exd5 4. Bd3 Bd6 5. Nf3 Ne7 6. Bg5 f6 7. Bh4 O-O 8. O-O Bf5 9. Re1 Nbc6 10. c3 Qd7 11. Bg3 Rae8 12. Qc2 Bxd3 13. Qxd3 Nf5 14. Bxd6 Nxd6 15. Nbd2 Rxe1+ 16. Rxe1 Re8 17. Re2 Rxe2 18. Qxe2 Qe7 19. Kf1 Qxe2+ 20. Kxe2 Kf7 21. Kd3 Nd8 22. b4 Ne6 23. g3 Nf8 24. a4 Nd7 25. a5 b6 26. axb6 cxb6 27. Ng1 a5 28. bxa5 bxa5 29. Ne2 Nb6 30. Kc2 a4 31. Nf4 g5 32. Nd3 Nbc4 33. Nxc4 dxc4 34. Nb4 a3 35. Kb1 Ne4 36. Ka2 Nxc3+ 37. Kxa3 Nb5+ 38. Kb2 Nxd4 39. Kc3 Nf3 40. Kxc4 Nxh2 41. Kd3 Ng4 42. Ke2 Ke6 43. Nd3 h5 44. f3 Ne5 45. Nc5+ Kf5 46. Kf2 Ng6 47. Nb3 h4 48. Nd4+ Ke5 49. Nc6+ Kd6 50. Nd4 h3 51. Ne2 f5 52. Kg1 g4 53. fxg4 fxg4 54. Kh2 Ke5 55. Ng1 Ke4 56. Nxh3 Ne5 57. Nf2+ Kf3 1/2-1/2


[Site "https://www.chess.com"]

[Event "Titled Tuesday Blitz April 12 Early 2022"]
[White "Bryakin, Mikhail"]
[Black "Csonka, Balazs"]
[WhiteFideId "4165314"]
[BlackFideId "742910"]
[WhiteElo "2417"]
[BlackElo "2404"]
[Result "1/2-1/2"]
[Round "11"]
[TimeControl "180+1"]
[Date "2022.04.12"]
[WhiteClock "0:02:33"]
[BlackClock "0:02:34"]

1. e4 e6 2. Nf3 d5 3. Qe2 dxe4 4. Qxe4 Nf6 5. Qh4 c5 6. b3 g6 7. Bb2 Bg7 8. Bb5+ Bd7 9. Bxd7+ Nbxd7 10. d3 O-O 11. Nbd2 Nd5 12. Qxd8 Rfxd8 13. Bxg7 Kxg7 14. g3 1/2-1/2


[Site "https://www.chess.com"]

[Event "Titled Tuesday Blitz April 12 Early 2022"]
[White "Bures, Vit"]
[Black "Alinasab, Mobina"]
[WhiteFideId "309052"]
[BlackFideId "12528897"]
[WhiteElo "2079"]
[BlackElo "2031"]
[Result "0-1"]
[Round "11"]
[TimeControl "180+1"]
[Date "2022.04.13"]
[WhiteClock "0:00:01"]
[BlackClock "0:00:04"]

1. d4 Nf6 2. c4 e6 3. Nc3 Bb4 4. e3 b6 5. Ne2 Ne4 6. Qc2 Bb7 7. a3 Bxc3+ 8. Nxc3 Nxc3 9. Qxc3 Qh4 10. Bd2 d6 11. c5 Bd5 12. cxd6 cxd6 13. Qc7 O-O 14. Qxd6 Nc6 15. Qg3 Qf6 16. Be2 Rac8 17. O-O Rfe8 18. Rac1 e5 19. dxe5 Nxe5 20. Bc3 Rxc3 21. Rxc3 Ng6 22. Rd1 Be6 23. h3 h6 24. Qc7 Qg5 25. Qg3 Qf6 26. Qf3 Qe7 27. Bf1 Ne5 28. Qe4 Ng6 29. Qc6 Rf8 30. Qa4 a5 31. Qc2 Qg5 32. Qe2 Nh4 0-1


[Site "https://www.chess.com"]

[Event "Titled Tuesday Blitz April 12 Early 2022"]
[White "Butti, Enrique"]
[Black "Dwilewicz, Katarzyna"]
[WhiteFideId "3700470"]
[BlackFideId "1148486"]
[WhiteElo "2080"]
[BlackElo "1907"]
[Result "0-1"]
[Round "11"]
[TimeControl "180+1"]
[Date "2022.04.13"]
[WhiteClock "0:00:01"]
[BlackClock "0:00:10"]

1. d4 d5 2. c4 e6 3. Nf3 c5 4. e3 Nc6 5. Nc3 cxd4 6. exd4 Nf6 7. cxd5 exd5 8. Bg5 Be6 9. Bb5 a6 10. Bxc6+ bxc6 11. Ne5 Qb6 12. O-O h6 13. Bh4 Bd6 14. Qa4 O-O-O 15. Qxc6+ Qxc6 16. Nxc6 Rd7 17. Ne5 Rc7 18. Rfc1 Kb8 19. Bxf6 gxf6 20. Nd3 Rhc8 21. Na4 Rc4 22. Ndc5 Ka7 23. Rd1 Rb8 24. b3 Rc2 25. Rdc1 Rxc1+ 26. Rxc1 Rc8 27. Kf1 h5 28. h3 Bf4 29. Rc3 Bd2 30. Rc2 Bf4 31. Ke2 Bf5 32. Rc3 Re8+ 33. Kd1 Bd6 34. Rf3 Be4 35. Rxf6 Bxc5 36. Nxc5 Bxg2 37. Rxf7+ Ka8 38. h4 a5 39. Rf5 Re7 40. Kd2 Ka7 41. Rxh5 Bf3 42. Rh6 Re2+ 43. Kc3 Rxa2 44. Ra6+ Kb8 45. Nd3 Be4 46. Nc5 Rxf2 47. Nxe4 dxe4 48. Rxa5 Rh2 49. Re5 Rxh4 50. d5 Kc7 51. Kd4 Kd6 52. Rxe4 Rh3 0-1


[Site "https://www.chess.com"]

[Event "Titled Tuesday Blitz April 12 Early 2022"]
[White "Cagara, Paulina"]
[Black "Yanayt, Eugene"]
[WhiteFideId "1124870"]
[BlackFideId "2020165"]
[WhiteElo "1780"]
[BlackElo "2046"]
[Result "0-1"]
[Round "11"]
[TimeControl "180+1"]
[Date "2022.04.13"]
[WhiteClock "0:00:11"]
[BlackClock "0:01:02"]

1. e4 c5 2. Nc3 g6 3. g3 Bg7 4. Bg2 Nc6 5. d3 e6 6. f4 Nge7 7. Nf3 d5 8. O-O O-O 9. h3 Rb8 10. Qe1 b5 11. g4 b4 12. Nd1 f5 13. gxf5 exf5 14. exd5 Nxd5 15. Ne5 Nxe5 16. fxe5 Re8 17. c4 bxc3 18. Nxc3 Nxc3 19. bxc3 Bxe5 20. Qd2 Qh4 21. Ba3 Qg3 22. Rfe1 Bb7 23. Bxc5 Bxc3 24. Rxe8+ Rxe8 25. Bd6 Bd4+ 26. Kh1 Qxh3+ 27. Bh2 Be5 28. Bxb7 Bxa1 29. Bd5+ Kh8 30. Bg2 Qh4 31. Be4 fxe4 32. Qd1 Be5 33. Qg1 exd3 0-1


[Site "https://www.chess.com"]

[Event "Titled Tuesday Blitz April 12 Early 2022"]
[White "Caruana, Fabiano"]
[Black "Sjugirov, Sanan"]
[WhiteFideId "2020009"]
[BlackFideId "4189302"]
[WhiteElo "2744"]
[BlackElo "2602"]
[Result "0-1"]
[Round "11"]
[TimeControl "180+1"]
[Date "2022.04.12"]
[WhiteClock "0:00:07"]
[BlackClock "0:00:07"]

1. d4 Nf6 2. Bf4 d5 3. Nf3 c5 4. e3 Nc6 5. Be2 cxd4 6. exd4 Bg4 7. c3 Bxf3 8. Bxf3 e6 9. Nd2 Bd6 10. Bg5 h6 11. Bh4 O-O 12. O-O a6 13. Be2 b5 14. a3 Be7 15. Bd3 Na5 16. b4 Nc4 17. Nxc4 bxc4 18. Bc2 a5 19. Qf3 Ra7 20. Bg3 Qb6 21. bxa5 Qxa5 22. a4 Ne4 23. Bxe4 dxe4 24. Qe3 f5 25. Be5 Rb7 26. Qg3 Rf7 27. Qg6 Bf6 28. Bxf6 Rxf6 29. Qe8+ Kh7 30. Qc6 Rb3 31. Qxc4 Rxc3 32. Qe2 Rf7 33. Rfd1 Rd7 34. h3 Rd5 35. Qa2 Rc7 36. Qb3 Rcd7 37. Qe3 e5 38. g4 exd4 39. Qg3 d3 40. Kh2 R7d6 41. Qf4 Re6 42. Rg1 d2 43. Rad1 g5 44. Qb8 Rd7 45. Qc8 Qc7+ 46. Qxc7 Rxc7 47. gxf5 Rd6 48. Rg4 Rc1 49. Rgg1 Kg7 50. Kg3 Rc4 51. a5 Ra4 52. h4 Kf6 53. hxg5+ hxg5 54. Rh1 Kxf5 55. Rh8 Ra3+ 56. Kg2 Rxa5 57. Rf8+ Kg4 58. Re8 Ra4 59. Rf8 Rc4 60. f3+ exf3+ 61. Rxf3 Rc1 62. Rff1 Rxd1 63. Rxd1 Kf4 64. Kf2 g4 65. Ke2 g3 66. Rh1 g2 0-1


[Site "https://www.chess.com"]

[Event "Titled Tuesday Blitz April 12 Early 2022"]
[White "Chernomordik, Pavel"]
[Black "Martic, Ivan"]
[WhiteFideId "2804530"]
[BlackFideId "929301"]
[WhiteElo "2220"]
[BlackElo "2317"]
[Result "1-0"]
[Round "11"]
[TimeControl "180+1"]
[Date "2022.04.13"]
[WhiteClock "0:00:56"]
[BlackClock "0:01:01"]

1. e4 c5 2. Nc3 Nc6 3. Bb5 Nd4 4. Bc4 a6 5. a4 e6 6. Nge2 Ne7 7. O-O Nec6 8. d3 Be7 9. f4 O-O 10. Ng3 Rb8 11. f5 b5 12. axb5 axb5 13. Ba2 b4 14. Nce2 b3 15. Bxb3 Nxb3 16. cxb3 d5 17. Bf4 e5 18. Be3 d4 19. Bd2 f6 20. Qc2 Qb6 21. Nc1 Bd7 22. Nh5 Be8 23. Ng3 Bf7 24. Qd1 Rb7 25. Qg4 Kh8 26. Nh5 Rg8 27. Rf3 Qd8 28. Rh3 g6 29. Ng3 gxf5 30. Rxh7+ Kxh7 31. Qh4+ Kg6 32. exf5+ Kg7 33. Qh6# 1-0


[Site "https://www.chess.com"]

[Event "Titled Tuesday Blitz April 12 Early 2022"]
[White "Clawitter, Craig"]
[Black "Fernandez Siles, Luis"]
[WhiteFideId "2023105"]
[BlackFideId "2209420"]
[WhiteElo "2221"]
[BlackElo "2212"]
[Result "1-0"]
[Round "11"]
[TimeControl "180+1"]
[Date "2022.04.13"]
[WhiteClock "0:00:05"]
[BlackClock "0:00:28"]

1. e4 c5 2. Nf3 Nc6 3. d4 cxd4 4. Nxd4 Nf6 5. Nc3 e5 6. Ndb5 d6 7. Bg5 a6 8. Na3 b5 9. Bxf6 gxf6 10. Nd5 Bg7 11. Bd3 Ne7 12. Nxe7 Qxe7 13. O-O O-O 14. c3 f5 15. exf5 e4 16. Re1 d5 17. Nc2 Bxf5 18. a4 Qb7 19. Bf1 bxa4 20. Nb4 Be6 21. Qxa4 a5 22. Nc6 Qxb2 23. c4 Qf6 24. Rac1 d4 25. c5 Bd7 26. Bb5 Bh6 27. Rcd1 e3 28. Qxd4 Qxf2+ 29. Kh1 Bg7 30. Qxd7 e2 31. Rxe2 Qxe2 32. Bxe2 Rac8 33. Ne7+ Kh8 34. Nxc8 a4 35. Bc4 a3 36. c6 Bf6 37. c7 Kg7 38. Nd6 Be5 39. Ne8+ Kg8 40. c8=Q a2 41. Nf6+ Bxf6 42. Qxf8+ Kxf8 43. Qc8+ Kg7 44. Qd7 Kg6 45. Qxf7+ Kf5 46. Rf1+ Ke4 47. Qxf6 a1=Q 48. Qxa1 h5 49. Qe1+ Kd4 50. Rf4+ Kc5 51. Qe5+ Kb4 52. Bg8+ Ka3 53. Qe3+ Kb2 54. Rf2+ Kb1 55. Qe1# 1-0


[Site "https://www.chess.com"]

[Event "Titled Tuesday Blitz April 12 Early 2022"]
[White "Dang, Hoang Son"]
[Black "Garv Gaur"]
[WhiteFideId "12402435"]
[BlackFideId "45030839"]
[WhiteElo "2252"]
[BlackElo "1950"]
[Result "0-1"]
[Round "11"]
[TimeControl "180+1"]
[Date "2022.04.13"]
[WhiteClock "0:01:27"]
[BlackClock "0:01:56"]

1. d4 d5 2. Bf4 Nf6 3. e3 c5 4. Nf3 Nc6 5. Nbd2 cxd4 6. exd4 Bf5 7. c3 e6 8. h3 Bd6 9. Be3 O-O 10. g4 Bg6 11. Nh4 Be4 12. Nxe4 Nxe4 13. Nf3 f5 14. Bd3 Qf6 15. g5 Qf7 16. Qe2 a6 17. O-O-O b5 18. a3 Rac8 19. h4 b4 20. axb4 Nxb4 21. h5 Nxc3 22. bxc3 Rxc3+ 23. Kb2 Qc7 24. Rc1 Nxd3+ 25. Qxd3 Rb8+ 26. Ka2 Qa5# 0-1


[Site "https://www.chess.com"]

[Event "Titled Tuesday Blitz April 12 Early 2022"]
[White "De Arruda, Leandro Formes"]
[Black "Fathy, Elameir"]
[WhiteFideId "22722009"]
[BlackFideId "10600396"]
[WhiteElo "1852"]
[BlackElo "2311"]
[Result "1/2-1/2"]
[Round "11"]
[TimeControl "180+1"]
[Date "2022.04.13"]
[WhiteClock "0:00:09"]
[BlackClock "0:00:04"]

1. d4 d5 2. Nf3 Nf6 3. e3 c5 4. c3 Nc6 5. Nbd2 cxd4 6. exd4 Bf5 7. Be2 e6 8. O-O Bd6 9. Re1 O-O 10. b3 Qc7 11. Bb2 a6 12. Rc1 b5 13. c4 bxc4 14. bxc4 Rab8 15. Bc3 Ba3 16. Ra1 Rfd8 17. Nb3 Ne4 18. Qd3 Nxf2 19. Qe3 Ne4 20. cxd5 exd5 21. Nc5 Nxc5 22. dxc5 Re8 23. Qg5 Bxc5+ 24. Kh1 Bg6 25. Bxa6 Qd7 26. Rad1 Rxe1+ 27. Rxe1 f6 28. Qh4 Be4 29. Nd2 Bg6 30. Qg3 Bd6 31. Qf3 Bf7 32. Bd3 Ne5 33. Bxe5 Bxe5 34. Qf2 Ra8 35. Qh4 g6 36. Nb3 Qd6 37. h3 Re8 38. Qh6 f5 39. Qg5 Bf6 40. Rxe8+ Bxe8 41. Qd2 Qe7 42. Qe2 Bf7 43. Qxe7 Bxe7 44. Nd4 Kg7 45. Kg1 Kf6 46. Kf1 Bc5 47. Nf3 d4 48. a4 Bd5 49. a5 Bb7 50. a6 Ba8 51. Ke2 h6 52. Ne1 Ke5 53. Kf2 g5 54. Nc2 Be4 55. Ne1 Ba7 56. Nf3+ Bxf3 57. Kxf3 h5 58. Kf2 g4 59. hxg4 hxg4 60. Kg3 Kf6 61. Kf2 f4 62. g3 fxg3+ 63. Kxg3 Kg5 64. Be4 Bb8+ 65. Kg2 Ba7 66. Bd3 Kf4 67. Be2 g3 68. Bf3 Bb8 69. Bh5 d3 70. Bd1 Ke3 71. Bf3 d2 72. Bd1 Kd3 73. Bf3 Kc3 74. Bd1 Kb2 75. Kf3 Kc1 76. Be2 d1=Q 77. Bxd1 Kxd1 78. a7 Bxa7 79. Kxg3 1/2-1/2


[Site "https://www.chess.com"]

[Event "Titled Tuesday Blitz April 12 Early 2022"]
[White "Demin, Vladimir"]
[Black "Kouskoutis, Georgios-Alexandros"]
[WhiteFideId "4167457"]
[BlackFideId "4234049"]
[WhiteElo "2405"]
[BlackElo "2130"]
[Result "0-1"]
[Round "11"]
[TimeControl "180+1"]
[Date "2022.04.13"]
[WhiteClock "0:01:04"]
[BlackClock "0:00:06"]

1. d4 Nf6 2. g4 h6 3. h3 c5 4. c3 d5 5. Bg2 cxd4 6. cxd4 Nc6 7. Nc3 e6 8. Nf3 Bd6 9. O-O O-O 10. a3 a6 11. b4 b5 12. Qd3 Bb7 13. Kh1 Ne7 14. g5 Ne4 15. gxh6 g6 16. h7+ Kh8 17. Ng5 Nxg5 18. Bxg5 f6 19. Bd2 Nf5 20. e4 dxe4 21. Nxe4 Be7 22. Bc3 Bd5 23. Rg1 Rc8 24. Rad1 Kxh7 25. Bb2 Rh8 26. Ng3 Kg7 27. Nxf5+ exf5 28. Kh2 Bd6+ 29. Qg3 Bxg3+ 30. fxg3 Rc2 0-1


[Site "https://www.chess.com"]

[Event "Titled Tuesday Blitz April 12 Early 2022"]
[White "Dubov, Daniil"]
[Black "Kobalia, Mikhail"]
[WhiteFideId "24126055"]
[BlackFideId "4119150"]
[WhiteElo "2791"]
[BlackElo "2667"]
[Result "1-0"]
[Round "11"]
[TimeControl "180+1"]
[Date "2022.04.12"]
[WhiteClock "0:00:47"]
[BlackClock "0:00:22"]

1. a3 e5 2. c4 Nf6 3. Nc3 d5 4. cxd5 Nxd5 5. Qc2 Nc6 6. e3 Be7 7. b4 Nxc3 8. Qxc3 a6 9. Bb2 O-O 10. Qc2 f5 11. Bc4+ Kh8 12. h4 Bf6 13. Nf3 e4 14. Ng5 Qe7 15. f4 exf3 16. gxf3 a5 17. b5 Ne5 18. Ba2 Bxg5 19. hxg5 Nxf3+ 20. Kf2 Nxg5 21. Rag1 Ne4+ 22. Ke1 Nf6 23. Qc4 Bd7 24. Qxc7 Rae8 25. Rxh7+ Nxh7 26. Bxg7+ Qxg7 27. Rxg7 Kxg7 28. Qxd7+ Kg6 29. Bf7+ 1-0


[Site "https://www.chess.com"]

[Event "Titled Tuesday Blitz April 12 Early 2022"]
[White "Efremova, Yulia"]
[Black "Shohat, Yotam"]
[WhiteFideId "14113953"]
[BlackFideId "2813955"]
[WhiteElo "2107"]
[BlackElo "2119"]
[Result "0-1"]
[Round "11"]
[TimeControl "180+1"]
[Date "2022.04.13"]
[WhiteClock "0:01:53"]
[BlackClock "0:00:42"]

1. d4 Nf6 2. Nf3 c5 3. c3 g6 4. Bf4 Bg7 5. e3 O-O 6. Be2 d6 7. Nbd2 cxd4 8. exd4 Nc6 9. h3 e5 10. dxe5 dxe5 11. Nxe5 Nxe5 12. Bxe5 Qe7 13. Nf3 Rd8 14. Qb3 Be6 15. Qb4 Qxb4 16. cxb4 Nd5 17. Bxg7 Kxg7 18. a3 Nf4 19. Bf1 Rac8 20. g3 Bd5 21. gxf4 Bxf3 22. Rg1 Rc2 23. Bg2 Re8+ 24. Kf1 Be2+ 25. Ke1 Bc4+ 26. Kd1 Bb3 27. Bd5 Rd8 0-1


[Site "https://www.chess.com"]

[Event "Titled Tuesday Blitz April 12 Early 2022"]
[White "Esipenko, Andrey"]
[Black "Grischuk, Alexander"]
[WhiteFideId "24175439"]
[BlackFideId "4126025"]
[WhiteElo "2617"]
[BlackElo "2762"]
[Result "1-0"]
[Round "11"]
[TimeControl "180+1"]
[Date "2022.04.12"]
[WhiteClock "0:00:42"]
[BlackClock "0:00:01"]

1. d4 e6 2. c4 b6 3. a3 Bb7 4. Nc3 f5 5. Bf4 Nf6 6. e3 Be7 7. Nf3 Nh5 8. Be2 O-O 9. O-O Nxf4 10. exf4 Bf6 11. Re1 Na6 12. Qd2 c5 13. d5 Nc7 14. d6 Ne8 15. Ne5 Bxe5 16. fxe5 g5 17. Bf3 Bxf3 18. gxf3 Ng7 19. Kh1 h6 20. Rg1 Kh7 21. h3 Qc8 22. Kh2 Qc6 23. f4 gxf4 24. Qxf4 Rg8 25. Qh4 Qf3 26. Rg5 Kh8 1-0


[Site "https://www.chess.com"]

[Event "Titled Tuesday Blitz April 12 Early 2022"]
[White "Estrada Nieto, Julian"]
[Black "Tasev, Dejan"]
[WhiteFideId "5101018"]
[BlackFideId "936618"]
[WhiteElo "2252"]
[BlackElo "2253"]
[Result "1-0"]
[Round "11"]
[TimeControl "180+1"]
[Date "2022.04.13"]
[WhiteClock "0:01:27"]
[BlackClock "0:02:00"]

1. e4 e5 2. Nf3 Nf6 3. d4 exd4 4. e5 Ne4 5. Qxd4 d5 6. exd6 Nxd6 7. Bf4 Nc6 8. Qe3+ Be7 9. Nc3 O-O 10. O-O-O Bf5 11. Bd3 Bxd3 12. Qxd3 Re8 13. Nd5 Bf8 14. Nxc7 Qc8 15. Nxa8 Nb4 16. Qb3 Nc4 17. Nc7 Na5 18. Qa4 Re4 19. Rd4 Rxf4 20. Rxf4 Nd3+ 21. cxd3 Qxc7+ 22. Rc4 Nxc4 23. Qxc4 Qb6 24. d4 Qg6 25. g3 Qf5 26. Qb3 1-0


[Site "https://www.chess.com"]

[Event "Titled Tuesday Blitz April 12 Early 2022"]
[White "Ferreira, Vitor Hugo Vieira"]
[Black "Papp, Levente"]
[WhiteFideId "2119765"]
[BlackFideId "751243"]
[WhiteElo "2165"]
[BlackElo "2308"]
[Result "1-0"]
[Round "11"]
[TimeControl "180+1"]
[Date "2022.04.13"]
[WhiteClock "0:01:20"]
[BlackClock "0:00:05"]

1. d4 e6 2. c4 d5 3. Nc3 c6 4. e3 Nf6 5. Nf3 Nbd7 6. Qc2 Bd6 7. b3 Qe7 8. Be2 O-O 9. O-O b6 10. Bb2 Bb7 11. Rfe1 Rac8 12. Rad1 Rfd8 13. e4 Bb4 14. e5 Ne4 15. Nxe4 dxe4 16. Qxe4 Bxe1 17. Rxe1 Nf8 18. c5 b5 19. Bc1 h6 20. Qg4 Kh8 21. Bd3 Nh7 22. Qh5 Rc7 23. Re4 f5 24. exf6 Nxf6 25. Qg6 Qf7 26. Qg3 Nxe4 27. Bxe4 Kg8 28. h4 e5 29. Nxe5 Qh5 30. Ng4 Kh8 31. Qxc7 Rxd4 32. Qb8+ 1-0


[Site "https://www.chess.com"]

[Event "Titled Tuesday Blitz April 12 Early 2022"]
[White "Gharibyan, Mamikon"]
[Black "Raahul V S"]
[WhiteFideId "13308300"]
[BlackFideId "25035525"]
[WhiteElo "2254"]
[BlackElo "2185"]
[Result "1-0"]
[Round "11"]
[TimeControl "180+1"]
[Date "2022.04.13"]
[WhiteClock "0:00:07"]
[BlackClock "0:00:01"]

1. d4 d5 2. c4 c6 3. Nf3 Nf6 4. e3 e6 5. Bd3 dxc4 6. Bxc4 Nbd7 7. Nc3 Bd6 8. O-O O-O 9. e4 e5 10. Be3 Qe7 11. h3 exd4 12. Nxd4 Ne5 13. Bb3 Rd8 14. Qe2 Ng6 15. Rae1 Nxe4 16. Qf3 Nxc3 17. bxc3 Ne5 18. Qh5 g6 19. Bg5 gxh5 20. Bxe7 Bxe7 21. Rxe5 Bf6 22. Rxh5 Bxd4 23. cxd4 Rxd4 24. Re1 Bd7 25. Re7 Rf8 26. Rg5+ Kh8 27. Bxf7 Rf4 28. Bb3 Bc8 29. Rgg7 Bf5 30. Rxb7 Bg6 31. f3 a5 32. Rgc7 R4f6 33. Kh2 Rd6 34. h4 Rd4 35. Kg3 Bb1 36. Rxc6 a4 37. Be6 Bg6 38. Bg4 Rd2 39. a3 Bc2 40. Rb2 Rfd8 41. Rbxc2 R2d3 42. R2c3 R3d4 43. Rc7 Rg8 44. Kh3 1-0


[Site "https://www.chess.com"]

[Event "Titled Tuesday Blitz April 12 Early 2022"]
[White "Girinath, P.D.S."]
[Black "Maltsevskaya, Aleksandra"]
[WhiteFideId "5000572"]
[BlackFideId "24174041"]
[WhiteElo "2369"]
[BlackElo "2235"]
[Result "1/2-1/2"]
[Round "11"]
[TimeControl "180+1"]
[Date "2022.04.13"]
[WhiteClock "0:00:03"]
[BlackClock "0:00:04"]

1. e4 c5 2. Nf3 e6 3. d3 d5 4. Qe2 Ne7 5. g3 g6 6. h4 Bg7 7. h5 gxh5 8. Rxh5 Nbc6 9. c3 b6 10. e5 Ba6 11. Bf4 Ng6 12. Qd2 Qc7 13. d4 Bxf1 14. Kxf1 O-O-O 15. Na3 a6 16. Kg2 Kb7 17. Rah1 Bf8 18. Rxh7 Rxh7 19. Rxh7 cxd4 20. cxd4 Bb4 21. Qe3 Bxa3 22. bxa3 Rd7 23. Nh4 b5 24. Nxg6 fxg6 25. Rh6 Rg7 26. Qd3 Qb6 27. Be3 Ne7 28. Qc3 Nf5 29. Rh8 Rc7 30. Qb4 Qc6 31. Qf8 Qc2 32. Qb8+ Kc6 33. Kh3 Qd1 34. Qa8+ Kb6 35. Qb8+ Kc6 36. Qa8+ Kb6 37. Qb8+ Kc6 1/2-1/2


[Site "https://www.chess.com"]

[Event "Titled Tuesday Blitz April 12 Early 2022"]
[White "Golubeva, Oksana"]
[Black "Piesik, Piotr"]
[WhiteFideId "4170164"]
[BlackFideId "1136194"]
[WhiteElo "2162"]
[BlackElo "2190"]
[Result "1-0"]
[Round "11"]
[TimeControl "180+1"]
[Date "2022.04.13"]
[WhiteClock "0:02:22"]
[BlackClock "0:01:44"]

1. Nf3 g6 2. e3 Bg7 3. d4 d6 4. b3 Nd7 5. Bb2 Ngf6 6. Nbd2 O-O 7. Nc4 a5 8. a4 b6 9. Be2 Bb7 10. O-O Re8 11. Re1 e5 12. dxe5 Ng4 13. exd6 Bxb2 14. Nxb2 Ndf6 15. Nc4 Ne4 16. dxc7 Qxc7 17. Qd4 Nexf2 18. Qxb6 Qxb6 19. Nxb6 Ne4 20. Nxa8 1-0


[Site "https://www.chess.com"]

[Event "Titled Tuesday Blitz April 12 Early 2022"]
[White "Goryachkina, Aleksandra"]
[Black "Kostiukov, Alexandr"]
[WhiteFideId "4147103"]
[BlackFideId "14108100"]
[WhiteElo "2426"]
[BlackElo "2202"]
[Result "1/2-1/2"]
[Round "11"]
[TimeControl "180+1"]
[Date "2022.04.13"]
[WhiteClock "0:00:11"]
[BlackClock "0:00:19"]

1. e4 c5 2. Nf3 g6 3. c3 Bg7 4. d4 cxd4 5. cxd4 d5 6. e5 Nc6 7. Bb5 Bg4 8. Nc3 Nh6 9. h3 Bxf3 10. Qxf3 Nf5 11. Be3 O-O 12. Rd1 e6 13. O-O f6 14. exf6 Bxf6 15. Bxc6 bxc6 16. Qe2 Rb8 17. Na4 Rb4 18. Nc5 Qd6 19. b3 Bxd4 20. Bxd4 Rxd4 21. Qxe6+ Qxe6 22. Nxe6 Rxd1 23. Rxd1 Re8 24. Nf4 g5 25. Nd3 Re2 26. Nb4 Re6 27. Kf1 Kf7 28. Nd3 Ke7 29. Rc1 Kd6 30. Rc5 Re7 31. Ra5 Nd4 32. Ra4 Nb5 33. Rg4 h6 34. h4 Re4 35. Rxe4 dxe4 36. Nb4 Nd4 37. hxg5 hxg5 38. Ke1 Kc5 39. Na6+ Kb6 40. Nb8 Kc7 41. Na6+ Kb6 42. Nb8 Kc7 43. Na6+ Kb6 1/2-1/2


[Site "https://www.chess.com"]

[Event "Titled Tuesday Blitz April 12 Early 2022"]
[White "Grandelius, Nils"]
[Black "Hess, Robert"]
[WhiteFideId "1710400"]
[BlackFideId "2022036"]
[WhiteElo "2617"]
[BlackElo "2557"]
[Result "1-0"]
[Round "11"]
[TimeControl "180+1"]
[Date "2022.04.12"]
[WhiteClock "0:00:07"]
[BlackClock "0:00:01"]

1. d4 g6 2. Nf3 Bg7 3. g3 e6 4. Bg2 Ne7 5. O-O d6 6. c4 Nd7 7. Nc3 h6 8. e4 b6 9. e5 Bb7 10. exd6 cxd6 11. Nb5 Nf6 12. Bf4 Nf5 13. c5 bxc5 14. dxc5 e5 15. Bd2 dxc5 16. Nxe5 Bxg2 17. Kxg2 O-O 18. Bc3 Qb6 19. Na3 Ne4 20. Nac4 Qb7 21. Qf3 Rab8 22. Rfe1 Nxc3 23. bxc3 Qxf3+ 24. Kxf3 Rfe8 25. Rad1 Bxe5 26. Rxe5 Rxe5 27. Nxe5 Rb6 28. Rd8+ Kg7 29. Rd7 Rf6 30. Kg2 Re6 31. Nxf7 Kf8 32. Nd8 Ra6 33. Nb7 Rxa2 34. Nxc5 h5 35. Kf3 a5 36. Ra7 Rc2 37. Ne6+ Kg8 38. Rxa5 Rxc3+ 39. Kf4 Rc2 40. Kg5 Rxf2 41. Ra7 h4 42. Kxg6 1-0


[Site "https://www.chess.com"]

[Event "Titled Tuesday Blitz April 12 Early 2022"]
[White "Gunina, Valentina"]
[Black "Hua, Lefong"]
[WhiteFideId "4167570"]
[BlackFideId "2602253"]
[WhiteElo "2381"]
[BlackElo "2586"]
[Result "1-0"]
[Round "11"]
[TimeControl "180+1"]
[Date "2022.04.12"]
[WhiteClock "0:01:31"]
[BlackClock "0:00:40"]

1. d4 Nf6 2. c4 c5 3. d5 e6 4. Nc3 exd5 5. cxd5 d6 6. Nf3 g6 7. Bf4 a6 8. a4 Bg7 9. e3 O-O 10. h3 Ne8 11. Be2 Nd7 12. O-O Qe7 13. Qb3 Rb8 14. a5 Nc7 15. Nd2 Ne5 16. Bh2 f5 17. f4 Nf7 18. e4 fxe4 19. Ndxe4 Ne8 20. Bf3 Bd7 21. f5 Bxf5 22. Rae1 Qc7 23. Ne2 Bxe4 24. Bxe4 Nf6 25. Bf3 Qxa5 26. Nf4 Qb4 27. Qc2 Ng5 28. Ne6 Nxe6 29. dxe6 Rfe8 30. Kh1 Rbd8 31. Re3 d5 32. Be5 Ne4 33. Bxe4 Bxe5 34. Bxg6 Qxb2 35. Bxh7+ Kh8 36. Qg6 Qd4 37. Qh5 1-0


[Site "https://www.chess.com"]

[Event "Titled Tuesday Blitz April 12 Early 2022"]
[White "Dronavalli, Harika"]
[Black "Tari, Aryan"]
[WhiteFideId "5015197"]
[BlackFideId "1510045"]
[WhiteElo "2382"]
[BlackElo "2567"]
[Result "1-0"]
[Round "11"]
[TimeControl "180+1"]
[Date "2022.04.12"]
[WhiteClock "0:00:13"]
[BlackClock "0:00:02"]

1. e4 c6 2. d4 d5 3. exd5 cxd5 4. c3 Nd7 5. Bf4 Ndf6 6. Nd2 e6 7. Ngf3 Bd6 8. Bb5+ Bd7 9. Bxd7+ Qxd7 10. Be5 Ne7 11. O-O O-O 12. Re1 Ng6 13. g3 b5 14. a3 a5 15. h4 h6 16. Bxd6 Qxd6 17. Ne5 Ne7 18. b4 Rfc8 19. Re3 Rc7 20. Nb3 Nf5 21. Rf3 axb4 22. axb4 Rca7 23. Rxa7 Rxa7 24. Nc5 Ne4 25. Qd3 Qb8 26. Nxe4 dxe4 27. Qxe4 Qc8 28. h5 Ra3 29. Qc6 Qd8 30. g4 Qh4 31. Rxf5 Ra1+ 32. Kg2 Qh1+ 33. Kg3 Rg1+ 34. Kf4 Qh2+ 35. Ke3 Qh3+ 36. Rf3 Qf1 37. Qa8+ Kh7 38. Qe4+ Kg8 39. Rxf7 Qe1+ 40. Kf3 Qd1+ 41. Qe2 Qc1 42. Qd3 Rd1 43. Rxg7+ 1-0


[Site "https://www.chess.com"]

[Event "Titled Tuesday Blitz April 12 Early 2022"]
[White "Hnydiuk, Aleksander"]
[Black "Kosteniuk, Alexandra"]
[WhiteFideId "1109057"]
[BlackFideId "4128125"]
[WhiteElo "2374"]
[BlackElo "2469"]
[Result "1-0"]
[Round "11"]
[TimeControl "180+1"]
[Date "2022.04.13"]
[WhiteClock "0:00:01"]
[BlackClock "0:00:03"]

1. e4 c6 2. d4 d5 3. e5 c5 4. dxc5 e6 5. Bd3 Nc6 6. Nf3 Bxc5 7. O-O Nge7 8. Nc3 Ng6 9. Bg5 Qc7 10. Nb5 Qb8 11. c4 a6 12. cxd5 Ncxe5 13. Rc1 Nxd3 14. Qxd3 O-O 15. Rxc5 axb5 16. d6 Bd7 17. Rc7 Bc6 18. Nd4 Ne5 19. Qg3 Ng6 20. h4 h5 21. Rc1 Bd5 22. d7 Qa7 23. Qe3 f6 24. Bh6 e5 25. Bxg7 Qxd4 26. Qxd4 exd4 27. Bxf8 Nxf8 28. Rc8 Kf7 29. d8=Q Rxc8 30. Qxc8 Ne6 31. Rc7+ Kg6 32. Re7 Nf4 33. Qe8+ Kf5 34. f3 d3 35. Qc8+ Kg6 36. Qc3 Bc4 37. Kf2 Nd5 38. Qe1 d2 39. Qxd2 Nxe7 40. b3 Be6 41. Qd3+ Kf7 42. Qxb5 Bd5 43. Qc5 Bc6 44. a4 Nd5 45. a5 Nf4 46. Qc4+ Ne6 47. Qc1 Nf4 48. Qxf4 1-0


[Site "https://www.chess.com"]